AoeStats
← PANTARES.PEEK

Enclosed

506896684Analyzed
1v1 RM · 18d ago on Sep 15, 2026· 38m 29s· 2 players
Game mode
Random Map
Map size
Tiny (2 player)
Population
200
Speed
Normal
Resources
Standard
Victory
Conquest
Starting age
Dark Age
Ending age
Imperial Age
RankedLock teamsTeams togetherTeam positionsShared explorationLock speedFull tech treeHidden civsTurbo modeCheats
Victory
Defeat
🇸🇰 Magyars · Slovakia
488
+16
🇹🇷 Slavs · Türkiye
493
-16
Riki
2:35 Loom
12:44 Feudal Age
18:23 Castle Age
17:05 Double-Bit Axe
17:05 Horse Collar
17:20 Gold Mining
19:40 Heavy Plow
19:56 Bow Saw
21:11 Wheelbarrow
20:45 Stone Mining
23:18 Gold Shaft Mining
25:43 Scale Barding Armor
25:09 Pikeman
26:22 Scale Mail Armor
26:24 Padded Archer Armor
26:33 Town Watch
27:42 Murder Holes
29:30 Fletching
31:09 Heated Shot
31:31 Masonry
34:52 Ballistics
34:57 Chain Barding Armor
34:33 Bodkin Arrow
35:46 Corvinian Army
35:38 Arson
37:00 Leather Archer Armor
37:01 Chain Mail Armor
41:14 Imperial Age
PANTARES.PEEK
0:38 Loom
13:26 Feudal Age
14:17 Gold Mining
14:17 Stone Mining
14:16 Double-Bit Axe
16:14 Horse Collar
16:55 Town Watch
18:45 Wheelbarrow
25:58 Castle Age
26:01 Pikeman
28:09 Hand Cart
27:55 Town Patrol
37:28 Imperial Age
36:58 Husbandry
38:05 Squires
39:00 Hoardings
Connection lost

Rejoining the realm…

Still unreachable

The connection could not be restored.

Session expired

The server has moved on; the page needs a fresh start.